 Dungeon Crawl Stone Soup version 0.19.0-19-g8c6edcc (webtiles) character file.

26 bombpersons the Digger (level 2, -1/13 HPs)
             Began as a Spriggan Earth Elementalist on Nov 13, 2016.
             Slain by a gnoll
             ... wielding a +1 flail of protection
              (14 damage)
             ... on level 1 of the Dungeon.
             The game lasted 00:06:30 (970 turns).

bombpersons the Digger (Spriggan Earth Elementalist) Turns: 970, Time: 00:06:31

Health: -1/13      AC:  2    Str:  4    XL:     2   Next: 89%
Magic:  4/7        EV: 18    Int: 16    God:
Gold:   1          SH:  0    Dex: 16    Spells: 1 memorised, 6 levels left

rFire  . . .     SeeInvis +     a - +0 hunting sling
rCold  . . .     Gourm    .     c - +0 robe
rNeg   . . .     Faith    .     (shield restricted)
rPois  .         Spirit   .     (helmet restricted)
rElec  .         Reflect  .     (no cloak)
rCorr  .         Harm     .     (gloves unavailable)
MR     .....                    (boots unavailable)
Stlth  ++........               (no amulet)
                                (no ring)
                                (no ring)

@: very quick
A: unfitting armour, see invisible, herbivore 3, speed 3, slow metabolism 2
a: no special abilities


You were on level 1 of the Dungeon.
You were not hungry.

You visited 1 branch of the dungeon, and saw 1 of its levels.

You collected 1 gold pieces.

Inventory:

Hand Weapons
 a - a +0 hunting sling (weapon)
Missiles
 b - 24 stones (quivered)
Armour
 c - a +0 robe (worn)
Scrolls
 j - 2 scrolls of remove curse
 k - a scroll of amnesia {unknown}
Potions
 f - a potion of degeneration {unknown}
 g - 2 potions of agility {unknown}
 h - a potion of brilliance {unknown}
 i - a potion of berserk rage {unknown}
 l - a potion of curing {unknown}
Books
 e - a book of Geomancy

   Spells                             Type                      Level
   a - Sandblast                      Earth                        1
   b - Passwall                       Transmutation/Earth          2
   c - Stone Arrow                    Conjuration/Earth            3
   d - Petrify                        Transmutation/Earth          4
   e - Lee's Rapid Deconstruction     Earth                        5
Comestibles
 d - 2 bread rations


   Skills:
 + Level 0.8 Slings
 + Level 3.2 Dodging
 + Level 3.0 Stealth
 + Level 3.1 Spellcasting
   Level 1.3 Transmutations
 + Level 3.3 Earth Magic


You had 6 spell levels left.
You knew the following spells:

 Your Spells              Type           Power        Failure   Level  Hunger
a - Sandblast             Erth           ##....       6%          1    None


Dungeon Overview and Level Annotations

Branches:
Dungeon (1/15)

Altars:


Innate Abilities, Weirdness & Mutations

You are very small and have problems with some larger weapons.
You are too small for most types of armour.
You have supernaturally acute eyesight. (SInv)
You are a herbivore.
You cover ground extremely quickly.
You need consume almost no food.


Message History

Aim: a gnoll, wielding a flail of protection (lightly wounded)
The blast of sand misses the gnoll.
Casting: Sandblast
Confirm with . or Enter, or press ? or * to list all spells.
Aiming: Sandblast
Press: ? - help, Shift-Dir - straight line, f/p - gnoll
Aim: a gnoll, wielding a flail of protection (lightly wounded)
The blast of sand hits the gnoll.
The gnoll is lightly wounded.
The gnoll barely misses you.
Casting: Sandblast
Confirm with . or Enter, or press ? or * to list all spells.
Aiming: Sandblast
Press: ? - help, Shift-Dir - straight line, f/p - gnoll
Aim: a gnoll, wielding a flail of protection (lightly wounded)
The blast of sand hits the gnoll.
The gnoll is lightly wounded.
The gnoll hits you with a flail of protection!
Ouch! That really hurt!
You die...

### ##.## ####...##
#######.......##
(.(.(Kg@.......#
#...###.#.....# .
#.##....####
#.###......# #.#
###.##.# #.# #.##.#
#.#####.##.# ##+##
#.......##.#
##...############.#


You could see a gnoll and a kobold.

Vanquished Creatures
  3 dart slugs (D:1)
  A leopard gecko (D:1)
  2 giant cockroaches (D:1)
  3 goblins (D:1)
  A hobgoblin (D:1)
  3 jackals (D:1)
  2 frilled lizards (D:1)
  3 kobolds (D:1)
  A rat (D:1)
19 creatures vanquished.

Vanquished Creatures (others)
  A goblin (D:1)
  A bat (D:1)
2 creatures vanquished.

Grand Total: 21 creatures vanquished

Notes
Turn   | Place    | Note
-------+----------+-------------------------------------------
     0 | D:1      | bombpersons the Spriggan Earth Elementalist began the quest for the Orb.
     0 | D:1      | Reached XP level 1. HP: 9/9 MP: 5/5
   277 | D:1      | Reached XP level 2. HP: 13/13 MP: 0/6
   970 | D:1      | Slain by a gnoll

Skill      XL: |  1  2 |
---------------+-------+-----
Earth Magic    | 3 |  3.3
Spellcasting   | 3 |  3.1
Slings         | |  0.8
Dodging        | |  3.2
Stealth        | |  3.0
Transmutations | |  1.3

Action                   || total
-------------------------++-------
 Fire: Hunting sling     ||    46
 Cast: Sandblast         ||    27
  Use: Scroll            ||     2
Armor: Robe              ||     5
Dodge: Dodged            ||    27
